 Dungeon Crawl Stone Soup version 0.30-a0-313-gae38170b09 (webtiles) character file.

Game seed: 4317485489749227662

282188 FizzleBag the Warrior (level 19, -3/147 (184) HPs)
             Began as a Minotaur Fighter on Oct 26, 2022.
             Was a High Priest of Okawaru.
             Slain by an Orb Guardian (26 damage)
             ... on level 5 of the Realm of Zot.
             The game lasted 00:39:05 (32413 turns).

FizzleBag the Warrior (Minotaur Fighter)           Turns: 32413, Time: 00:39:05

HP:   -3/147 (184)  AC: 25    Str: 28    XL:     19   Next: 29%
MP:   18/20         EV: 19    Int: 12    God:    Okawaru [*****.]
Gold: 697           SH: 19    Dex: 19    Spells: 18/18 levels left

rFire   + + +      SeeInvis .    a - +11 broad axe of Triumph {freeze, +Blink rF- Str-5 Int+8}
rCold   + . .      Faith    .    G - +3 kite shield of Tapaixta {rC+}
rNeg    . . .      Spirit   .    Z - +2 fire dragon scales "Wiopau Ysuu" {rF++ rC- Slay+4}
rPois   .          Reflect  .    O - +2 hat of a sewer {Will+ Regen+ MP-9 Dex+4}
rElec   .          Harm     .    u - scarf {rC+ rF+}
rCorr   +          Rampage  .    l - +1 pair of gloves
Will    ++...                    B - +1 pair of boots
Stlth   ++........               P - amulet of regeneration
HPRegen 2.04/turn                A - ring of resist corrosion
MPRegen 0.17/turn                L - +6 ring of strength

@: heroic, marked, hasted, studying Staves, heavily drained, very quick
A: horns 2, retaliatory headbutt, agile 1, fire resistance 1, high MP 1, passive
freeze
}: 3/15 runes: serpentine, barnacled, slimy
a: Renounce Religion, Evoke Blink, Heroism, Finesse, Duel


You were on level 5 of the Realm of Zot.
You worshipped Okawaru.
Okawaru was extremely pleased with you.
You visited 9 branches of the dungeon, and saw 45 of its levels.
You also visited: Ossuary and Bailey.

You collected 2939 gold pieces.
You spent 2242 gold pieces at shops.

Inventory:

Hand Weapons
 a - the +11 broad axe of Triumph (weapon) {freeze, +Blink rF- Str-5 Int+8}
   (Okawaru gifted it to you on level 1 of the Snake Pit)

   It freezes those it strikes, dealing additional cold damage.
   It can also slow down cold-blooded creatures.
   Str:       It affects your strength (-5).
   Int:       It affects your intelligence (+8).
   rF:        It makes you vulnerable to fire.
   +Blink:    It lets you blink.
Missiles
 d - 3 throwing nets
 e - 3 curare-tipped darts
 o - 31 boomerangs (quivered)
 M - 6 silver boomerangs
 N - 18 javelins
 U - 9 silver javelins
Armour
 l - a +1 pair of gloves (worn)
 u - a scarf of resistance (worn)
 y - the +2 ratskin cloak {*Rats rPois rN+ Str-1 Int-1 Dex+1}
   (You found it on level 5 of the Dungeon)

   When the wearer is hurt, rats may emerge from it to assist them.
   Str:       It affects your strength (-1).
   Int:       It affects your intelligence (-1).
   Dex:       It affects your dexterity (+1).
   rPois:     It protects you from poison.
   rN:        It protects you from negative energy.
 B - a +1 pair of boots (worn)
 G - the +3 kite shield of Tapaixta (worn) {rC+}
   (Okawaru gifted it to you on level 1 of the Snake Pit)

   rC:        It protects you from cold.
 O - the +2 hat of a sewer (worn) {Will+ Regen+ MP-9 Dex+4}
   (Okawaru gifted it to you on level 10 of the Dungeon)

   Dex:       It affects your dexterity (+4).
   MP:        It affects your magic capacity (-9).
   Regen:     It increases your rate of health regeneration.
   Will:      It increases your willpower.
 Z - the +2 fire dragon scales "Wiopau Ysuu" (worn) {rF++ rC- Slay+4}
   (Okawaru gifted it to you on level 11 of the Dungeon)

   Slay:      It affects your accuracy & damage with ranged weapons and melee
   (+4).
   rF:        It greatly protects you from fire.
   rC:        It makes you vulnerable to cold.
Jewellery
 A - a ring of resist corrosion (left hand)
 C - an amulet of magic regeneration
 F - a ring of protection from fire
 L - a +6 ring of strength (right hand)
 P - an amulet of regeneration (around neck)
Wands
 b - a wand of light (8)
 v - a wand of digging (10)
 S - a wand of mindburst (3)
 V - a wand of roots (15)
Scrolls
 g - 3 scrolls of identify {@r1}
 j - 7 scrolls of immolation
 k - 5 scrolls of poison
 q - 5 scrolls of fear
 r - 2 scrolls of magic mapping
 t - 6 scrolls of teleportation
 z - 7 scrolls of blinking
 E - 6 scrolls of fog
 R - 2 scrolls of enchant armour
 X - 2 scrolls of silence
Potions
 h - 5 potions of haste
 i - 7 potions of lignification
 m - 6 potions of might
 n - a potion of resistance
 p - 13 potions of curing {@q1}
 s - 7 potions of cancellation
 w - 3 potions of heal wounds
 x - 3 potions of ambrosia
 D - 4 potions of invisibility
 J - 3 potions of magic
 K - 3 potions of mutation
 T - a potion of berserk rage
Miscellaneous
 c - a condenser vane
 f - a lightning rod (4/4)


   Skills:
 + Level 19.6(24.6) Fighting
 - Level 18.0(23.0) Axes
 + Level 13.8(18.8) Throwing
 + Level 15.1(20.1) Armour
 - Level 9.7(14.7) Dodging
 + Level 13.7(18.7) Shields
 - Level 12.0 Invocations
 - Level 12.0 Evocations


You had 18 spell levels left.
You didn't know any spells.
Your spell library contained the following spells:

 Spells                   Type           Power      Damage    Failure   Level
 Kindle Blastsparks       Fire/Tloc/Air  0%         2d10      94%         3
 Flame Wave               Conj/Fire      0%         2d4       100%        4
 Manifold Assault         Tloc           0%         N/A       100%        4
 Petrify                  Tmut/Erth      0%         N/A       100%        4
 Sticky Flame             Conj/Fire      0%         2d3       100%        4
 Ignition                 Fire           0%         3d3       100%        8
 Simulacrum               Ice/Necr       Unusable   N/A       N/A         6

Dungeon Overview and Level Annotations

Branches:
Dungeon (15/15)            Temple (1/1) D:5            Lair (5/5) D:10
 Shoals (4/4) Lair:2        Snake (4/4) Lair:3        Slime (5/5) Lair:4
    Orc (2/2) D:10            Elf (0/3) Orc:2        Vaults (0/5) D:13
 Depths (4/4) D:15            Zot (5/5) Depths:4    Ossuary (visited)
 Bailey (visited)

Altars:
Ashenzari
Cheibriados
Dithmenos
Fedhas
Hepliaklqana
Makhleb
Nemelex Xobeh
Okawaru
Qazlal
Sif Muna
Trog
Uskayaw
Vehumet
Wu Jian
Yredelemnul
Zin
The Shining One
Jiyva

Shops:
D:2 [   D:7 :   D:14 [   Orc:2 *([(   Shoals:1 *

Portals:
Abyss: Depths:4
Trove: D:15 (give +4 fire dragon scales)

Annotations:
D:9 exclusion: door
Lair:3 2 transporters, TheSexyCheese's ghost, journeyman HOFi
Shoals:2 Roxanne
Zot:2 exclusion: 4 lightning spires


Innate Abilities, Weirdness & Mutations

You have a pair of horns on your head.
You reflexively headbutt those who attack you in melee.
You are agile. (Dex +4, Str/Int -1)
Your flesh is heat resistant. (rF+)
You have an increased reservoir of magic. (+10% MP)
A frigid envelope surrounds you and freezes all who hurt you.


Message History

There is a stone staircase leading up, spattered with blood here.
You see here a +1 scimitar of holy wrath.
You see here a +0 hand axe of electrocution.
As you read the scroll of magic mapping, it crumbles to dust.
You feel aware of your surroundings.
Unknown command.
You open the door.
There is an open door here.
Found a stone staircase leading down.
There is a stone staircase leading down here.
You climb downwards.
There is a stone staircase leading up here.
You climb upwards.
There is a stone staircase leading down here.
Unknown command.
Unknown command.
You climb downwards.
There is a stone staircase leading up here.
As you read the scroll of magic mapping, it crumbles to dust.
You feel aware of your surroundings.
Unknown command.
As you read the scroll of teleportation, it crumbles to dust.
You feel strangely unstable.
You feel the Orb delaying your translocation!
Found a stone staircase leading up.
Your surroundings suddenly seem different.
As you read the scroll of teleportation, it crumbles to dust.
You feel strangely unstable.
You feel the Orb delaying your translocation!
Found an escape hatch in the ceiling.
Your surroundings seem slightly different.
A tentacled monstrosity comes into view.
Found a chain mail.
Really walk into that teleport trap?
You enter a teleport trap!
The teleport trap disappears.
Your surroundings suddenly seem different. 4 Orb Guardians, a shadow dragon and a tentacled monstrosity come into view.
Found a potion of lignification and 38 gold pieces.
You see here a potion of lignification.
Unknown command.
Unknown command.
Unknown command.
Blink to where?
Press: ? - help, Dir - move target A dread lich, an electric golem, 2 orbs of fire and an Orb Guardian come into view.
Found a scroll of identify.
As you read the scroll of blinking, it crumbles to dust.
The dread lich shouts!
You hear a roar!
You block the Orb Guardian's attack. The Orb Guardian hits you!!
The Orb Guardian is very cold.
The Orb Guardian is lightly wounded.
A purple draconian comes into view. It is wielding a +0 war axe.
A black draconian comes into view. It is wielding a +0 short sword.
The orb of fire glows bright magenta.
The bolt of fire hits you! You resist.
Blink to where?
Press: ? - help, Dir - move target Really blink into that permanent teleport trap?
You enter a permanent teleport trap!
Your surroundings suddenly seem different. 3 Orb Guardians and a golden dragon come into view.
As you read the scroll of blinking, it crumbles to dust.
The golden dragon roars deafeningly!
The golden dragon breathes cold at you. The bolt of cold hits you!! You resist.
The Orb Guardian hits you!
The Orb Guardian is very cold.
The Orb Guardian is lightly wounded.
The Orb Guardian barely misses you.
You feel yourself speed up. You block the Orb Guardian's attack.
The Orb Guardian closely misses you.
You gain the combat prowess of a mighty hero.
The Orb Guardian pulls the alarm!
The alarm trap emits a blaring wail!
A sentinel's mark forms upon you.
You block the Orb Guardian's attack. x2; You block the golden dragon's attack.
The golden dragon claws you but does no damage.
The golden dragon resists.
The golden dragon is very cold.
The golden dragon is lightly wounded.
The golden dragon completely misses you.
You hear a shout!
You hear a deafening roar!
You hear a chilling moan.
You hear a shout! x3
You cut the Orb Guardian into ribbons!!!
You freeze the Orb Guardian! Your headbutt misses the Orb Guardian.
The Orb Guardian is severely wounded.
You cut the Orb Guardian into ribbons!!!
You freeze the Orb Guardian. You hit the golden dragon.
The Orb Guardian hits you!!
The Orb Guardian is very cold.
The Orb Guardian is severely wounded.
An Orb Guardian comes into view.
You block the Orb Guardian's attack.
You miss the Orb Guardian. You headbutt the Orb Guardian.
The Orb Guardian is almost dead.
You closely miss the Orb Guardian. You slice the golden dragon!!
You freeze the golden dragon. You slash the Orb Guardian!
You freeze the Orb Guardian. The golden dragon breathes cold at you.
The bolt of cold hits you!! You resist.
* * * LOW HITPOINT WARNING * * *
The Orb Guardian hits you!!
You die...

,,,,,*** ***,,,,,,... ,,****
****,,,... ******* **▓▓▓▓▓▓▓▓▓
,,,,,,*** **#.XX..$..!.
,,**,,,,** **....##......
,,,***,,,###########...#*#.......
,,,,***,,.............#*#.....^..
,,,,* **,.X....D....X#* #........
,,,,* *,......X@X...# #......X.
,,,,* **......X....## #........
,,,,* *...........# #........
,,,,* **...........#* *,,,,,,,,
,,,** *,............# **,,,,,,,
,,** **^............#* **,,,,,^
,** *,,.............* **,,,,, ##▓
***#####.######## ****** ..#####
*,* *,,,


You could see a golden dragon (catching breath) and 5 Orb Guardians.

Vanquished Creatures
  Dissolution (Slime:4)
  the Royal Jelly (Slime:5)
  Bai Suzhen (Shoals:4)
  A golden dragon (Zot:1)
  A lich (Depths:1)
  18 acid blobs
  A kraken (Shoals:4)
  A death cob (Zot:1)
  4 sphinxes (Depths:1)
  3 tengu reavers
  Frances (Snake:1)
  4 shadow dragons
  A draconian knight (Depths:4)
  A fire giant (Depths:1)
  7 nagarajas (Snake:4)
  9 azure jellies
  10 rockslimes
  A draconian scorcher (Zot:1)
  A frost giant (Depths:1)
  5 quicksilver oozes (Slime:5)
  An orc warlord (Orc:2)
  3 stone giants
  9 very ugly things
  2 dire elephants (Snake:4)
  A black draconian (Depths:4)
  2 yellow draconians
  A red draconian (Zot:4)
  3 purple draconians
  3 white draconians
  6 fire dragons
  Snorg (D:13)
  2 merfolk javelineers (Shoals:4)
  Josephine (Lair:4)
  2 merfolk impalers (Shoals:4)
  3 ettins
  A salamander tyrant (Snake:4)
  A vault guard (Bailey)
  4 ice dragons
  A rakshasa (Depths:2)
  2 great orbs of eyes (Slime:5)
  5 centaur warriors
  A catoblepas (D:15)
  A spriggan air mage (Depths:4)
  8 hydras
  3 boulder beetles
  An alligator (shapeshifter) (Depths:4)
  6 merfolk avatars
  4 two-headed ogres
  6 naga warriors
  The ghost of baller8008 the Cleaver, a novice MiFi of Yredelemnul (D:8)
  6 anacondas
  5 tengu warriors
  2 satyrs
  4 deep troll shamans
  A deep troll earth mage (Depths:1)
  Urug (Orc:1)
  2 alligator snapping turtles (Shoals:4)
  4 merfolk aquamancers (Shoals:4)
  8 naga sharpshooters
  2 orc high priests
  6 shock serpents
  4 salamander mystics (Snake:4)
  6 sea snakes
  2 iron trolls
  12 deep trolls
  A glowing orange brain (Depths:4)
  A deep elf archer (Snake:4)
  3 wizards
  4 naga ritualists
  4 deep elf pyromancers
  4 orc knights (Orc:2)
  4 shining eyes
  4 orc sorcerers
  11 manticores
  5 mana vipers
  17 harpies
  14 ugly things
  9 cyclopes
  10 fauns
  2 moths of wrath (Zot:1)
  19 black mambas
  15 salamanders
  9 merfolk sirens
  3 guardian serpents (Snake:4)
  19 naga magi
  3 elephants (Lair:5)
  3 eyes of devastation (Slime:5)
  5 water nymphs
  3 gargoyles
  A torpor snail (Lair:1)
  14 komodo dragons
  14 cane toads
  6 rime drakes
  A tengu conjurer (D:15)
  24 merfolk
  3 wind drakes
  3 meliai (D:15)
  3 polar bears
  6 trolls
  A hornet (Lair:5)
  64 slime creatures
  Prince Ribbit (Bailey)
  8 snapping turtles
  25 blink frogs
  10 water elementals
  5 wraiths
  A vampire (D:12)
  3 spriggans (Lair:3)
  6 wyverns
  A yak (shapeshifter) (D:12)
  29 yaks
  3 steam dragons
  3 basilisks
  2 humans (Bailey)
  4 vampire mosquitoes (D:13)
  3 wargs
  Menkaure (Ossuary)
  39 nagas
  3 acid dragons
  14 water moccasins
  3 hell hounds
  6 ice beasts
  4 black bears
  35 orc warriors
  8 ogres
  23 wolves
  2 phantoms (D:6)
  16 centaurs
  An elf zombie (Ossuary)
  4 gnoll sergeants
  A necrophage (D:5)
  17 bullfrogs
  A scorpion (D:6)
  8 wights
  13 killer bees (D:9)
  4 electric eels
  4 howler monkeys
  2 centaur zombies (Ossuary)
  3 jellies
  5 hounds
  21 orc priests
  2 gnoll boudas (D:6)
  7 iguanas
  7 hell rats (D:5)
  Natasha (thrice) (D:4)
  31 orc wizards
  3 ogre zombies (Ossuary)
  A boggart simulacrum (D:15)
  Robin (D:4)
  6 mummies (Ossuary)
  6 adders
  13 gnolls
  23 river rats (D:5)
  A white imp (D:7)
  An ufetubus (D:5)
  5 adder zombies (Ossuary)
  105 orcs
  6 ball pythons
  11 endoplasms
  2 giant cockroaches
  19 goblins
  18 hobgoblins
  3 jackals (D:1)
  13 kobolds
  4 quokkas
  4 bats
  4 frilled lizards
  3 goblin zombies (Ossuary)
  6 hobgoblin zombies (Ossuary)
  2 kobold zombies (Ossuary)
  2 quokka zombies (Ossuary)
  8 rats
  A butterfly (Lair:5)
  2 tentacles (Shoals:4)
1199 creatures vanquished.

Vanquished Creatures (others)
  A deep elf knight (Snake:4)
  A merfolk (Shoals:4)
  17 fungi
  129 plants
  2 tentacles (Shoals:4)
150 creatures vanquished.

Grand Total: 1349 creatures vanquished

Notes
Turn   | Place    | Note
-------+----------+-------------------------------------------
     0 | D:1      | FizzleBag the Minotaur Fighter began the quest for the Orb.
     0 | D:1      | Reached XP level 1. HP: 19/19 MP: 0/0
    83 | D:1      | Reached skill level 4 in Fighting
   108 | D:1      | Reached XP level 2. HP: 23/27 MP: 1/1
   327 | D:1      | You fall into a shaft and drop 1 floor!
   468 | D:2      | Found Ytemut Oklim's Antique Armour Shop.
   571 | D:2      | Identified the +3 hand axe of Zoitt {vorpal, rC+}
   626 | D:2      | Reached XP level 3. HP: 34/34 MP: 2/2
   988 | D:1      | Found Vileo's One-of-a-Kind Rings.
  1536 | D:3      | Identified the +0 cloak "Qiadaf" {Int+2}
  1719 | D:3      | Reached skill level 5 in Fighting
  1719 | D:3      | Reached XP level 4. HP: 27/42 MP: 3/3
  1725 | D:3      | HP: 8/42 [orc/+0 trident (1)]
  1725 | D:3      | Noticed an ice beast
  1843 | D:3      | Killed an ice beast
  1844 | D:3      | Reached skill level 6 in Fighting
  1844 | D:3      | Reached skill level 5 in Axes
  1844 | D:3      | Reached XP level 5. HP: 40/50 MP: 4/4
  2478 | D:4      | Found a sand-covered staircase.
  2487 | Ossuary  | Entered an ossuary
  2609 | Ossuary  | Reached XP level 6. HP: 54/58 MP: 5/5
  2791 | Ossuary  | Noticed Menkaure
  2797 | Ossuary  | Killed Menkaure
  2798 | Ossuary  | Reached skill level 7 in Fighting
  2800 | Ossuary  | Reached XP level 7. HP: 27/66 MP: 6/6
  3291 | D:4      | Reached skill level 8 in Fighting
  3456 | D:4      | Noticed Natasha
  3464 | D:4      | Killed Natasha
  3858 | D:4      | Noticed Natasha
  3862 | D:4      | Killed Natasha
  3898 | D:4      | Noticed Robin
  3910 | D:4      | Killed Robin
  4046 | D:4      | Noticed Natasha
  4050 | D:4      | Killed Natasha
  4496 | D:5      | Entered Level 5 of the Dungeon
  4553 | D:5      | Found a staircase to the Ecumenical Temple.
  4559 | Temple   | Entered the Ecumenical Temple
  4813 | Temple   | Became a worshipper of Warmaster Okawaru
  4897 | D:5      | Reached XP level 8. HP: 72/75 MP: 7/7
  4950 | D:5      | Reached skill level 1 in Invocations
  5144 | D:5      | Reached skill level 9 in Fighting
  5148 | D:5      | Reached * piety under Okawaru
  6092 | D:5      | Reached skill level 5 in Armour
  6161 | D:5      | Found the +2 ratskin cloak {*Rats rPois rN+ Str-1 Int-1
                  | Dex+1}
  6379 | D:2      | Bought a pair of gloves for 117 gold pieces
  6529 | D:6      | Found a broken altar of Ashenzari.
  6597 | D:6      | Reached XP level 9. HP: 83/85 MP: 10/10
  6600 | D:6      | Reached ** piety under Okawaru
  6710 | D:6      | Reached skill level 10 in Fighting
  7399 | D:7      | Found a flagged portal.
  7420 | Bailey   | Entered a bailey
  7432 | Bailey   | Reached skill level 10 in Axes
  7443 | Bailey   | Reached skill level 5 in Invocations
  7536 | Bailey   | Reached *** piety under Okawaru
  7560 | Bailey   | Reached skill level 1 in Evocations
  7673 | Bailey   | Noticed Prince Ribbit
  7673 | Bailey   | Noticed a vault guard
  7681 | Bailey   | Killed Prince Ribbit
  7682 | Bailey   | Reached XP level 10. HP: 83/94 MP: 9/13
  7685 | Bailey   | Killed a vault guard
  7685 | Bailey   | Reached **** piety under Okawaru
  7686 | Bailey   | Reached skill level 11 in Fighting
  7876 | D:7      | Found Qarr's Book Emporium.
  8578 | D:8      | Noticed baller8008's ghost (novice MiFi)
  8581 | D:8      | Found a runed translucent door.
  8794 | D:8      | Reached ***** piety under Okawaru
  9335 | D:8      | Killed baller8008's ghost
  9496 | D:9      | Received a gift from Okawaru
  9704 | D:9      | Reached XP level 11. HP: 83/104 MP: 15/15
  9808 | D:9      | Reached skill level 1 in Throwing
  9838 | D:9      | Found a shimmering blue altar of Sif Muna.
 10357 | D:9      | Received a gift from Okawaru
 10463 | D:10     | Entered Level 10 of the Dungeon
 10471 | D:10     | Reached skill level 12 in Fighting
 10511 | D:10     | Identified the +2 hat of a sewer {Will+ Regen+ MP-9 Dex+4}
                  | (Okawaru gifted it to you on level 10 of the Dungeon)
 10511 | D:10     | Received a gift from Okawaru
 10531 | D:10     | Found a staircase to the Orcish Mines.
 10716 | D:10     | Found a staircase to the Lair.
 10740 | D:10     | HP: 13/104 [cyclops/large rock (19)]
 10747 | D:10     | HP: 16/104 [cyclops (18)]
 11134 | Lair:1   | Entered Level 1 of the Lair of Beasts
 11183 | Lair:1   | Reached skill level 5 in Evocations
 11222 | Lair:1   | Reached skill level 10 in Armour
 11327 | Lair:1   | You fall into a shaft and drop 1 floor!
 11347 | Lair:2   | Received a gift from Okawaru
 11348 | Lair:2   | Reached XP level 12. HP: 91/113 MP: 5/16
 11492 | Lair:2   | Found a staircase to the Shoals.
 11712 | Lair:1   | Reached ****** piety under Okawaru
 12140 | Lair:2   | Reached skill level 13 in Fighting
 12230 | Lair:2   | Received a gift from Okawaru
 12358 | Lair:2   | Noticed an eight-headed hydra
 12364 | Lair:2   | Killed an eight-headed hydra
 12365 | Lair:2   | Reached skill level 5 in Throwing
 12797 | Lair:3   | Found a staircase to the Snake Pit.
 12889 | Lair:3   | Found a bloodstained altar of Trog.
 12946 | Lair:3   | Noticed a six-headed hydra
 12956 | Lair:3   | Killed a nine-headed hydra
 13209 | Lair:3   | Found a transporter.
 13215 | Lair:3   | Noticed a seven-headed hydra
 13215 | Lair:3   | Noticed TheSexyCheese's ghost (journeyman HOFi)
 13254 | Lair:3   | Noticed a five-headed hydra
 13266 | Lair:3   | Killed a nine-headed hydra
 13287 | Lair:3   | Noticed a five-headed hydra
 13292 | Lair:3   | Killed a six-headed hydra
 13325 | Lair:3   | Found a transporter.
 13367 | Lair:3   | Reached XP level 13. HP: 67/123 MP: 9/18
 13738 | Lair:4   | Found a viscous altar of Jiyva.
 13739 | Lair:4   | Found a staircase to the Slime Pits.
 13760 | Lair:4   | Received a gift from Okawaru
 14007 | Lair:4   | Received a gift from Okawaru
 14130 | Lair:4   | Noticed Josephine
 14147 | Lair:4   | Killed Josephine
 14287 | Lair:5   | Entered Level 5 of the Lair of Beasts
 14564 | Lair:5   | Reached skill level 14 in Fighting
 14583 | Lair:5   | Received a gift from Okawaru
 14788 | Lair:5   | Received a gift from Okawaru
 14971 | Lair:5   | Identified the +3 scimitar "Juiti" {vorpal, rF+ rN+ Stlth+}
 15636 | D:11     | Reached skill level 10 in Invocations
 15765 | D:11     | Identified the +2 fire dragon scales "Wiopau Ysuu" {rF++
                  | rC- Slay+4} (Okawaru gifted it to you on level 11 of the
                  | Dungeon)
 15765 | D:11     | Received a gift from Okawaru
 15982 | D:11     | Reached XP level 14. HP: 115/133 MP: 11/20
 17791 | Orc:1    | Entered Level 1 of the Orcish Mines
 17798 | Orc:1    | Noticed Urug
 17811 | Orc:1    | Killed Urug
 18147 | D:2      | Bought the +4 moon troll leather armour {Spirit, Regen++
                  | MP+5} for 1417 gold pieces
 18147 | D:2      | Found the +4 moon troll leather armour {Spirit, Regen++
                  | MP+5}
 18553 | Orc:2    | Entered Level 2 of the Orcish Mines
 18571 | Orc:2    | Reached skill level 15 in Fighting
 18605 | Orc:2    | Reached skill level 1 in Dodging
 18847 | Orc:2    | Received a gift from Okawaru
 18961 | Orc:2    | Found Gocohaj's Antique Weapon Emporium.
 19179 | Orc:2    | Noticed an orc warlord
 19195 | Orc:2    | Killed an orc warlord
 19212 | Orc:2    | Received a gift from Okawaru
 19218 | Orc:2    | Reached skill level 15 in Axes
 19326 | Orc:2    | Found Amogigio's Antique Weapon Boutique.
 19328 | Orc:2    | Found Ciwovint's Antique Armour Shop.
 19577 | Orc:2    | Found a staircase to the Elven Halls.
 19635 | Orc:2    | Found Xeibelue's General Store.
 19718 | Orc:2    | Bought a kite shield for 148 gold pieces
 19790 | Orc:2    | Bought 3 scrolls of blinking for 315 gold pieces
 19790 | Orc:2    | Bought a scroll of blinking for 105 gold pieces
 19790 | Orc:2    | Bought 2 potions of heal wounds for 140 gold pieces
 20211 | D:13     | Noticed Snorg
 20220 | D:13     | Killed Snorg
 20300 | D:13     | Found an iron altar of Okawaru.
 20612 | D:13     | Received a gift from Okawaru
 20719 | D:13     | Found a gate to the Vaults.
 20844 | D:14     | Found Pehavodgh's Armour Shop.
 20984 | D:14     | Found a broken altar of Ashenzari.
 21015 | D:14     | Reached XP level 15. HP: 141/141 MP: 15/22
 21292 | D:14     | Found a glowing golden altar of the Shining One.
 21404 | D:15     | Entered Level 15 of the Dungeon
 21456 | D:15     | Received a gift from Okawaru
 21688 | D:15     | Found a staircase to the Depths.
 21709 | D:15     | Reached skill level 5 in Shields
 21726 | D:15     | HP: 24/141 [drowned by a water elemental (5)]
 21992 | D:15     | Received a gift from Okawaru
 22241 | D:15     | Found a portal to a secret trove of treasure.
 22468 | Snake:1  | Entered Level 1 of the Snake Pit
 22510 | Snake:1  | Identified the +11 broad axe of Triumph {freeze, +Blink rF-
                  | Str-5 Int+8} (Okawaru gifted it to you on level 1 of the
                  | Snake Pit)
 22510 | Snake:1  | Received a gift from Okawaru
 23087 | Snake:1  | Reached skill level 5 in Dodging
 23115 | Snake:1  | Reached skill level 16 in Fighting
 23118 | Snake:1  | Identified the +3 kite shield of Tapaixta {rC+} (Okawaru
                  | gifted it to you on level 1 of the Snake Pit)
 23118 | Snake:1  | Received a gift from Okawaru
 23478 | Snake:1  | Found a hazy altar of Hepliaklqana.
 23621 | Snake:1  | Noticed Frances
 23632 | Snake:1  | Killed Frances
 24137 | Snake:4  | Entered Level 4 of the Snake Pit
 24398 | Snake:4  | Identified the +8 chain mail "Uvvee" {-Cast Fly rC+ Stlth+}
 24448 | Snake:4  | Reached XP level 16. HP: 141/151 MP: 14/23
 24894 | Snake:4  | Reached skill level 10 in Throwing
 24897 | Snake:4  | Reached skill level 10 in Evocations
 24907 | Snake:4  | Received a gift from Okawaru
 24930 | Snake:4  | Received a gift from Okawaru
 24944 | Snake:4  | Identified the +10 scale mail of Spring {rC- Will+ Str+5
                  | SInv} (Okawaru gifted it to you on level 4 of the Snake
                  | Pit)
 24944 | Snake:4  | Received a gift from Okawaru
 25435 | Snake:4  | Got a serpentine rune of Zot
 25564 | Shoals:1 | Entered Level 1 of the Shoals
 25797 | Shoals:1 | Found Foj Qeg's CLEARANCE SALE!.
 26192 | Shoals:2 | Identified Roxanne's Codex of the Mountains
 26192 | Shoals:2 | Noticed Roxanne
 26207 | Shoals:2 | Reached skill level 15 in Armour
 26633 | Shoals:4 | Entered Level 4 of the Shoals
 26834 | Shoals:4 | Received a gift from Okawaru
 26847 | Shoals:4 | Reached XP level 17. HP: 113/160 MP: 4/25
 27034 | Shoals:4 | Reached skill level 17 in Fighting
 27070 | Shoals:4 | Noticed Bai Suzhen
 27083 | Shoals:4 | Killed Bai Suzhen
 27228 | Shoals:4 | Noticed a kraken
 27241 | Shoals:4 | Killed a kraken
 27429 | Shoals:4 | Received a gift from Okawaru
 27840 | Shoals:4 | Got a barnacled rune of Zot
 28044 | Slime:1  | Entered Level 1 of the Pits of Slime
 28154 | Slime:1  | Noticed an acid blob
 28172 | Slime:1  | Noticed an acid blob
 28179 | Slime:1  | Killed an acid blob
 28187 | Slime:1  | Killed an acid blob
 28287 | Slime:1  | Noticed an acid blob
 28298 | Slime:1  | Killed an acid blob
 28311 | Slime:1  | You fall into a shaft and drop 1 floor!
 28316 | Slime:2  | Noticed an acid blob
 28325 | Slime:2  | Killed an acid blob
 28329 | Slime:2  | Noticed an acid blob
 28348 | Slime:2  | Killed an acid blob
 28391 | Slime:3  | Reached skill level 10 in Shields
 28416 | Slime:4  | Noticed Dissolution
 28431 | Slime:4  | Killed Dissolution
 28431 | Slime:4  | Received a gift from Okawaru
 28584 | Slime:4  | HP: 25/163 [titanic slime creature (88)]
 28854 | Slime:5  | Entered Level 5 of the Pits of Slime
 28866 | Slime:5  | Noticed an acid blob
 28874 | Slime:5  | Killed an acid blob
 28876 | Slime:5  | Gained mutation: Your body sometimes deteriorates upon
                  | taking damage. [a shining eye]
 28880 | Slime:5  | Gained mutation: You are covered in fur. (AC +1) [a shining
                  | eye]
 28883 | Slime:5  | Gained mutation: You are frail. (-10% HP) [a shining eye]
 28885 | Slime:5  | Gained mutation: Your flesh is heat resistant. (rF+) [a
                  | shining eye]
 28886 | Slime:5  | Gained mutation: You occasionally shout uncontrollably at
                  | your foes. [a shining eye]
 28894 | Slime:5  | Lost mutation: Your body sometimes deteriorates upon taking
                  | damage. [potion of mutation]
 28894 | Slime:5  | Lost mutation: You are covered in fur. (AC +1) [potion of
                  | mutation]
 28894 | Slime:5  | Gained mutation: You are agile. (Dex +4, Str/Int -1)
                  | [potion of mutation]
 28894 | Slime:5  | Gained mutation: A frigid envelope surrounds you and
                  | freezes all who hurt you. [potion of mutation]
 28894 | Slime:5  | Gained mutation: You are very agile. (Dex +8, Str/Int -2)
                  | [potion of mutation]
 28895 | Slime:5  | Lost mutation: You occasionally shout uncontrollably at
                  | your foes. [potion of mutation]
 28895 | Slime:5  | Lost mutation: You are very agile. (Dex +8, Str/Int -2)
                  | [potion of mutation]
 28895 | Slime:5  | Lost mutation: You are frail. (-10% HP) [potion of
                  | mutation]
 28895 | Slime:5  | Gained mutation: You have an increased reservoir of magic.
                  | (+10% MP) [potion of mutation]
 28895 | Slime:5  | Noticed an acid blob
 28896 | Slime:5  | Noticed an acid blob
 28896 | Slime:5  | Noticed an acid blob
 28900 | Slime:5  | Noticed an acid blob
 28954 | Slime:5  | Noticed the Royal Jelly
 28955 | Slime:5  | Killed an acid blob
 28961 | Slime:5  | Noticed an acid blob
 28964 | Slime:5  | Noticed an acid blob
 28966 | Slime:5  | Noticed an acid blob
 28966 | Slime:5  | Noticed an acid blob
 28968 | Slime:5  | Noticed an acid blob
 28968 | Slime:5  | Killed an acid blob
 28969 | Slime:5  | Killed the Royal Jelly
 28969 | Slime:5  | Received a gift from Okawaru
 28970 | Slime:5  | Reached XP level 18. HP: 153/171 MP: 11/28
 29289 | Slime:5  | Received a gift from Okawaru
 29324 | Slime:5  | Reached skill level 18 in Fighting
 29567 | Slime:5  | Found the +3 Elemental Staff {rElec rF++ rC++ AC+5}
 29568 | Slime:5  | Found the ring of Shadows {Umbra +Inv Stlth+}
 29636 | Slime:5  | Got a slimy rune of Zot
 29637 | Slime:5  | Identified the ring "Zafruloa" {Fly MP+9 Int+2}
 29668 | Slime:5  | Got the Catalogue of the Distorted Dead
 29707 | Slime:5  | Got Ocuym's Grimoire of Molten Minerals
 29727 | Slime:5  | Identified the +0 buckler "Opsess" {Rampage rElec}
 29757 | Slime:5  | Received a gift from Okawaru
 30474 | Depths:1 | Entered Level 1 of the Depths
 30850 | Depths:1 | Received a gift from Okawaru
 30877 | Depths:1 | Paralysed by a sphinx for 3 turns
 30911 | Depths:1 | Noticed a lich
 30918 | Depths:1 | Killed a lich
 30918 | Depths:1 | Received a gift from Okawaru
 31004 | Depths:1 | Received a gift from Okawaru
 31076 | Depths:1 | Received a gift from Okawaru
 31258 | Depths:4 | Entered Level 4 of the Depths
 31337 | Depths:4 | Reached skill level 19 in Fighting
 31382 | Depths:4 | Found a one-way gate to the infinite horrors of the Abyss.
 31434 | Depths:4 | HP: 16/166 [tengu reaver/bolt of lightning (27)]
 31439 | Depths:4 | HP: 21/166 [poisoned by a tengu reaver (bolt of poison)]
 31440 | Depths:4 | HP: 7/168 [deep troll (13)]
 31462 | Depths:4 | Reached XP level 19. HP: 47/178 MP: 15/29
 31467 | Depths:4 | HP: 33/179 [deep troll shaman (11)]
 31479 | Depths:4 | HP: 35/180 [shadow dragon (10)]
 31564 | Depths:4 | Noticed a juggernaut
 31666 | Depths:4 | Found a gate to the Realm of Zot.
 31685 | Depths:4 | HP: 11/153 [shadow dragon/bolt of negative energy (40)]
 31868 | Zot:1    | Entered Level 1 of the Realm of Zot
 31888 | Zot:1    | Received a gift from Okawaru
 31974 | Zot:1    | HP: 6/123 [shadow dragon/bolt of negative energy (65)]
 32134 | Zot:1    | Noticed a golden dragon
 32143 | Zot:1    | Killed a golden dragon
 32160 | Zot:2    | Noticed an electric golem
 32160 | Zot:2    | Noticed an electric golem
 32162 | Zot:2    | HP: 25/137 [black draconian monk/bolt of lightning (34)]
 32342 | Zot:4    | Received a gift from Okawaru
 32373 | Zot:5    | Entered Level 5 of the Realm of Zot
 32408 | Zot:5    | Noticed a dread lich
 32408 | Zot:5    | Noticed an orb of fire
 32408 | Zot:5    | Noticed an electric golem
 32408 | Zot:5    | Noticed an orb of fire
 32409 | Zot:5    | Noticed a golden dragon
 32413 | Zot:5    | HP: 23/147 [golden dragon/bolt of cold (32)]
 32413 | Zot:5    | Slain by an Orb Guardian

Illustrated notes

Levels and vault maps discovered:
D:1:      minmay_arrival_stone_box, layout_loops_cross, serial_glass,
          glass_columns_c, glass_columns_a, dreamdust_princess_corridor,
          minmay_misc_feat_chi, nicolae_shop_unique_rings, minmay_tall_x
D:2:      layout_basic, serial_shops, shop, nicolae_titane
D:3:      layout_loops_ring, serial_park_tiny_pond
D:4:      layout_layer_cave, nicolae_ossuary_entry_monument,
          hangedman_glass_teeth, uniq_natasha, uniq_robin
D:5:      wander_guarded_unrand_ratskin, layout_basic, minmay_temple_entry_hall,
          hangedman_decor_diamond_cutter
D:6:      kennysheep_housing_project, layout_cave_pools,
          overflow_temple_1_default
D:7:      layout_rooms, enter_bailey_3, serial_shops, shop,
          chequers_serial_rivers_small_3, nicolae_eternal_life, minivault_25
D:8:      layout_basic, hellmonk_ghost_happy_afterlife
D:9:      layout_small_grid, led_sif_book
D:10:     layout_roguey, hellmonk_lair_entry_icy, hiddenorc2_lemuel
D:11:     layout_roguey, minmay_checkerbox
D:12:     layout_stronghold, minivault_20, kennysheep_generic_room_4
D:13:     layout_basic, david_vaults_1, okawaru_trees_2, uniq_snorg
D:14:     layout_rooms, serial_shops, nicolae_shop_window_shopping,
          ashenzari_altar_1, tso_oasis_becter
D:15:     hangedman_depths_entry_civil_slaughter, layout_basic,
          nicolae_trove_entry_columns, serial_bayou, serial_bayou_lake_a,
          serial_bayou_pond_e, serial_bayou_pond_c, serial_bayou_pond_d,
          kennysheep_crisscross
Temple:   mainiacjoe_temple_big_plus
Lair:1:   layout_small_grid, serial_bayou_pond_c, grunt_megastairs_3
Lair:2:   layout_concentric_octagons, elwin_shoals_entry_rooms
Lair:3:   layout_long_grid, minmay_snake_entry_six_corridors, basic_altar,
          gammafunk_ghost_arena, nicolae_quartered_pool_impasse, wad_woods_02
Lair:4:   layout_loops_ring, minmay_slime_entry_pillars, uniq_josephine
Lair:5:   gammafunk_lair_ancient_temple, layout_regular_city,
          serial_bayou_shore_b, serial_bayou_shore_b, lemuel_fruit_fields
Shoals:1: layout_shoals, nicolae_shop_clearance
Shoals:2: layout_shoals, uniq_ilsuiw, uniq_roxanne
Shoals:3: layout_shoals, uniq_polyphemus
Shoals:4: shoals_end_simple, layout_shoals, uniq_bai_suzhen
Snake:1:  layout_honeycomb, basic_altar, nicolae_snake_gridmaze_waves,
          uniq_frances
Snake:2:  layout_chambers, nicolae_triple_integral, grunt_megastairs_5
Snake:3:  layout_misc_corridors
Snake:4:  johnstein_snake_rune_scales, layout_cave_town,
          beargit_elvish_explorers, serial_bayou_shore_b
Slime:1:  layout_caves, cheibrodos_slime_lost_civilization_5
Slime:2:  layout_caves
Slime:3:  layout_caves
Slime:4:  layout_caves, nicolae_slime_round_cave, uniq_dissolution
Slime:5
Orc:1:    layout_caves, uniq_urug
Orc:2:    grunt_orc_community_town_hall, layout_caves,
          grunt_orc_community_big_house_2, grunt_orc_community_big_house_2,
          grunt_orc_community_house_1, grunt_orc_community_house_2,
          grunt_orc_community_house_3, grunt_orc_community_house_1
Depths:1: layout_cave_shapes, special_room [special_room_mythical_zoo],
          rand_demon_pan_entry_5, hell_entry, minmay_misc_feat_alley,
          serial_bayou_ford_a, moated_statue, kennysheep_small_circle,
          minmay_shoptagon
Depths:2: grunt_profane_halls [grunt_profane_temple_coc,
          grunt_profane_temple_tar, grunt_profane_temple_geh,
          grunt_profane_temple_dis, grunt_profane_loot], hell_entry, pan_entry
Depths:3: minmay_the_grid_triangle_9x9_rhombus_thin_mashed
          [minmay_the_grid_triangle_9x9_zippers_horizontal,
          minmay_the_grid_triangle_9x9_prize_top_heavy,
          minmay_the_grid_triangle_9x9_from_above,
          minmay_the_grid_triangle_9x9_pentomino_pain], layout_gridville,
          nicolae_abyss_entry_one_way_or_another, hellmouth_1,
          infiniplex_staircase_pool_2
Depths:4: grunt_zot_entry_tricorne, layout_basic, abyss_entry, vehumet_crystals,
          serial_shops, bzr_entry_safe, grunt_mini_vestibule
Zot:1:    lemuel_halls_of_wrath, layout_basic, ebering_ghost_inner_flame
Zot:2:    infiniplex_zot_generator, layout_onion, nicolae_diode_stairs
Zot:3:    layout_basic, lemuel_lich_library
Zot:4:    layout_gridlike
Zot:5:    layout_misc_corridors, st_stairs_5

Skill      XL: |  1  2  3  4  5  6  7  8  9 10 11 12 13 14 15 16 17 18 19 |
---------------+----------------------------------------------------------+-----
Fighting       | 4 5 6 7 8 9 10 11 12 13 14 15 16 17 19 | 19.6
Axes           | 3 4 5 6 8 9 10 11 12 13 14 15 16 17 18 | 18.0
Invocations    | 3 5 6 7 9 10 11 12 | 12.0
Armour         | 5 7 8 10 11 12 13 14 15 | 15.1
Evocations     | 1 3 5 6 7 8 9 10 11 12 | 12.0
Throwing       | 4 5 7 8 9 10 11 13 | 13.8
Dodging        | 3 5 7 9 |  9.7
Shields        | 4 6 8 10 12 13 | 13.7

Action                   |  1- 3 |  4- 6 |  7- 9 | 10-12 | 13-15 | 16-18 | 19-21 || total
-------------------------+-------+-------+-------+-------+-------+-------+-------++-------
Melee: War axe           |    91 |    70 |   356 |     4 |       |       |       ||   521
       Headbutt          |     2 |     9 |    64 |   119 |   274 |   348 |    39 ||   855
       Broad axe         |       |       |       |   559 |  1134 |  1067 |   108 ||  2868
Throw: Boomerang         |       |       |       |       |     2 |     5 |       ||     7
       Javelin           |       |       |       |       |       |     6 |       ||     6
       Throwing net      |       |       |       |       |       |     2 |       ||     2
Invok: Heroism           |       |       |     4 |     5 |    21 |    25 |     4 ||    59
       Finesse           |       |       |       |     1 |     8 |    18 |     2 ||    29
Evoke: Wand              |       |       |     2 |    13 |     7 |     4 |     1 ||    27
       Condenser vane    |       |       |       |       |       |     2 |       ||     2
  Use: Scroll            |     3 |     5 |    12 |     6 |     7 |    10 |    10 ||    53
       Potion            |       |     4 |     7 |     3 |     3 |     9 |     3 ||    29
 Stab: Invisible         |       |       |       |     1 |     3 |       |       ||     4
       Sleeping          |       |       |       |       |     2 |       |       ||     2
       Petrified         |       |       |       |       |     4 |       |       ||     4
       Distracted        |       |       |       |       |       |     2 |       ||     2
       Held in net/web   |       |       |       |       |       |     1 |       ||     1
Armor: Scale mail        |    41 |    19 |   170 |       |       |       |       ||   230
       Plate armour      |       |       |       |   452 |   306 |       |       ||   758
       Troll leather arm |       |       |       |       |   321 |   244 |       ||   565
       Fire dragon scale |       |       |       |       |       |    72 |    35 ||   107
Dodge: Dodged            |    50 |    17 |   173 |   191 |   490 |   444 |    56 ||  1421
Block: Buckler           |    13 |    15 |    85 |   130 |   176 |       |       ||   419
       Kite shield       |       |       |       |       |   302 |   725 |    63 ||  1090

Table legend: (Time is in decaauts)
 A = Elapsed time spent in this place.
 B = Non-inter-level travel time spent in this place.
 C = Inter-level travel time spent in this place.
 D = Time resting spent in this place.
 E = Time spent auto-exploring this place.
 F = Levels seen in this place.
 G = Mean time per level.
                   A        B        C        D        E       F      G
               +--------+--------+--------+--------+--------+-----+--------+
         Total |  32149 |  29257 |   2892 |   3424 |  19504 |  47 |  684.0 |
       Dungeon |  15422 |  13864 |   1558 |    929 |  10641 |  15 | 1028.1 |
        Temple |    284 |    192 |     92 |      0 |    187 |   1 |  284.0 |
          Lair |   5350 |   4604 |    746 |    351 |   3208 |   5 | 1070.0 |
        Shoals |   2337 |   2229 |    108 |    730 |    944 |   4 |  584.2 |
     Snake Pit |   2641 |   2464 |    177 |     39 |   1761 |   4 |  660.2 |
    Slime Pits |   2044 |   2044 |      0 |    744 |    739 |   5 |  408.8 |
  Orcish Mines |   1677 |   1475 |    202 |      0 |   1081 |   2 |  838.5 |
        Depths |   1207 |   1201 |      6 |    455 |    345 |   4 |  301.8 |
           Zot |    319 |    319 |      0 |    155 |      0 |   5 |   63.8 |
       Ossuary |    563 |    563 |      0 |      7 |    398 |   1 |  563.0 |
        Bailey |    298 |    298 |      0 |     13 |    200 |   1 |  298.0 |
               +--------+--------+--------+--------+--------+-----+--------+

Top non-repeatable levels by time:
     D:5: 1551 daAuts
     D:4: 1520 daAuts
    D:12: 1505 daAuts
  Lair:3: 1410 daAuts
 Snake:4: 1247 daAuts
  Lair:2: 1237 daAuts
   Orc:2: 1225 daAuts
Shoals:4: 1211 daAuts
  Lair:5: 1200 daAuts
 Snake:1: 1094 daAuts
     D:9: 1074 daAuts
     D:8: 1055 daAuts
     D:6: 1042 daAuts
    D:15: 1023 daAuts
     D:3: 1003 daAuts

Table legend:
 A = Kills in this place as a percentage of kills in entire the game.
 B = Kills by you in this place as a percentage of kills by you in the entire game.
 C = Kills by friends in this place as a percentage of kills by friends in the entire game.
 D = Other kills in this place as a percentage of other kills in the entire game.
 E = Experience gained in this place as a percentage of experience gained in the entire game.
 F = Experience gained in this place divided by the number of levels of this place that you have seen.
                   A       B       C       D       E      F
               +-------+-------+-------+-------+-------+----------------------
         Total | 100.0 | 100.0 |   N/A | 100.0 | 100.0 | 8627.0
       Dungeon |  35.4 |  35.4 |   N/A |   0.0 |  13.3 | 3602.7
          Lair |  12.6 |  12.7 |   N/A |   0.0 |  10.8 | 8729.4
        Shoals |   9.1 |   9.0 |   N/A |  50.0 |  13.7 | 13870.0
     Snake Pit |  12.3 |  12.2 |   N/A |  50.0 |  18.5 | 18766.8
    Slime Pits |   7.3 |   7.3 |   N/A |   0.0 |  17.0 | 13791.2
  Orcish Mines |  11.1 |  11.1 |   N/A |   0.0 |   4.0 | 8083.0
        Depths |   7.0 |   7.1 |   N/A |   0.0 |  18.6 | 18858.2
           Zot |   1.0 |   1.0 |   N/A |   0.0 |   3.3 | 2712.4
       Ossuary |   2.6 |   2.6 |   N/A |   0.0 |   0.1 | 592.0
        Bailey |   1.5 |   1.5 |   N/A |   0.0 |   0.6 | 2527.0
               +-------+-------+-------+-------+-------+----------------------
